 Dungeon Crawl Stone Soup version 0.26.1-12-g5ba1501909 (webtiles) character file.

Game seed: 17684864058016016837

480 Zeld the Sneak (level 7, -3/48 HPs)
             Began as an Octopode Brigand on Oct 28, 2021.
             Slain by a water moccasin zombie (5 damage)
             ... in an ossuary.
             The game lasted 00:03:34 (4615 turns).

Zeld the Sneak (Octopode Brigand)                   Turns: 4615, Time: 00:03:35

Health: -3/48      AC:  1    Str: 10    XL:     7   Next: 12%
Magic:  7/7        EV: 14    Int: 14    God:
Gold:   154        SH:  0    Dex: 15    Spells: 6/6 levels left

rFire    . . .     SeeInvis .   a - +2 dagger
rCold    . . .     Faith    .   (no shield)
rNeg     . . .     Spirit   .   (helmet restricted)
rPois    .         Reflect  .   (no amulet)
rElec    .         Harm     .   (no ring)
rCorr    .         Rampage  .   (no ring)
Will     .....                  (no ring)
Stlth    ++++......             (no ring)
HPRegen  0.16/turn              (no ring)
MPRegen  0.10/turn              (no ring)
                                (no ring)
                                (no ring)

@: no status effects
A: almost no armour, stealthy swim, amphibious, 8 rings, constrict 8, camouflage
1, gelatinous body 1
a: no special abilities


You were in an ossuary.
You visited 1 branch of the dungeon, and saw 4 of its levels.
You also visited: Ossuary.

You collected 154 gold pieces.

Inventory:

Hand Weapons
 a - a +2 dagger (weapon)
Missiles
 b - 14 poisoned darts (quivered)
 c - 2 curare-tipped darts
 t - 2 throwing nets
Jewellery
 o - a cursed ring of attention {unknown}
Wands
 r - a wand of iceblast (4)
Scrolls
 d - 2 scrolls of blinking {unknown}
 f - 2 scrolls of noise {unknown}
 g - 2 scrolls of enchant armour {unknown}
 h - 2 scrolls of identify {unknown}
 k - a scroll of enchant weapon {unknown}
 m - 3 scrolls of teleportation {unknown}
 s - a scroll of fear {unknown}
Potions
 e - a potion of degeneration {unknown}
 i - a potion of haste {unknown}
 j - a potion of curing {unknown}
 l - a potion of heal wounds {unknown}
 n - 2 potions of might {unknown}
 p - 3 potions of attraction {unknown}
 q - 3 potions of magic {unknown}


   Skills:
 * Level 4.0 Fighting
 * Level 4.0 Short Blades
 * Level 4.1 Throwing
 + Level 2.5 Dodging
 + Level 6.4 Stealth


You had 6 spell levels left.
You didn't know any spells.
Your spell library was empty.

Dungeon Overview and Level Annotations

Branches:
Dungeon (4/15)            Ossuary (1/1)
 Temple: D:4-7

Altars:


Innate Abilities, Weirdness & Mutations

You cannot wear most types of armour.
You are very stealthy in the water. (Stealth+)
You are amphibious.
You can wear up to eight rings at the same time.
You can use your tentacles to constrict eight enemies at once.
Your skin changes colour to match your surroundings (Stealth+).
Your rubbery body absorbs attacks. (AC +1, EV +1)


Message History

Unknown command.
There's a creature in the doorway!
Unknown command.
Aiming: Iceblast
Press: ? - help, Shift-Dir - straight line The mass of ice explodes!
The iceblast engulfs the killer bee zombie.
The killer bee zombie partially resists.
You destroy the killer bee zombie!
Your Fighting skill increases to level 4!
Your Short Blades skill increases to level 4!
Unknown command.
Aiming: Iceblast
Press: ? - help, Shift-Dir - straight line The mass of ice explodes!
The iceblast engulfs the water moccasin zombie.
The water moccasin zombie partially resists.
The water moccasin zombie is lightly damaged.
The water moccasin zombie bites you.
You die...

##### ### #..∩#
≈≈≈ #.∩.# ###..
#@..#
#≈≈≈≈≈##Z##+##+##
#.....Z......Z.
###+#+#'#+#'#+#
.# ##


You could see a water moccasin zombie and a bullfrog zombie.

Vanquished Creatures
  Sigmund (D:3)
  A centaur zombie (Ossuary)
  Ijyb (D:3)
  A worker ant (D:4)
  A killer bee zombie (Ossuary)
  5 mummies (Ossuary)
  A howler monkey zombie (Ossuary)
  A worker ant zombie (Ossuary)
  3 gnolls (D:3)
  3 adders
  A worm (D:2)
  2 dart slugs
  2 leopard geckos
  6 orcs
  7 giant cockroaches
  5 goblins
  9 hobgoblins
  6 jackals
  3 kobolds (D:3)
  A quokka (D:3)
  2 ball pythons
  6 bats
  A rat (D:1)
69 creatures vanquished.

Vanquished Creatures (others)
  7 withered plants (Ossuary)
7 creatures vanquished.

Grand Total: 76 creatures vanquished

Notes
Turn   | Place    | Note
-------+----------+-------------------------------------------
     0 | D:1      | Zeld the Octopode Brigand began the quest for the Orb.
     0 | D:1      | Reached XP level 1. HP: 14/14 MP: 1/1
   652 | D:1      | Reached XP level 2. HP: 19/19 MP: 2/2
  1292 | D:2      | Reached XP level 3. HP: 25/25 MP: 3/3
  2369 | D:3      | Reached XP level 4. HP: 9/30 MP: 4/4
  3456 | D:3      | Noticed Ijyb
  3462 | D:3      | Killed Ijyb
  3463 | D:3      | Reached XP level 5. HP: 36/36 MP: 5/5
  3658 | D:3      | Noticed Sigmund
  3667 | D:3      | Killed Sigmund
  3668 | D:3      | Reached skill level 6 in Stealth
  3668 | D:3      | Reached XP level 6. HP: 23/42 MP: 6/6
  4099 | D:4      | Noticed a black bear
  4268 | D:4      | Found a sand-covered staircase.
  4275 | Ossuary  | Entered an ossuary
  4536 | Ossuary  | Reached XP level 7. HP: 5/47 MP: 7/7
  4613 | Ossuary  | HP: 2/47 [killer bee zombie (2)]
  4615 | Ossuary  | Slain by a water moccasin zombie

Illustrated notes

Levels and vault maps discovered:
D:1:      dpeg_arrival_ternary, layout_loops_corners
D:2:      layout_loops_ring, amcnicky_mini_corridor_feature
D:3:      layout_basic, minivault_4, minmay_cupped, uniq_sigmund, uniq_ijyb
D:4:      layout_rooms, nicolae_ossuary_entry_monument,
          minmay_tree_intersection, minivault_5, hangedman_decor_points,
          minmay_cut_off, uniq_menkaure, uniq_crazy_yiuf_cottage
Ossuary:  ossuary_zaba_flooded

Skill      XL: |  1  2  3  4  5  6  7 |
---------------+----------------------+-----
Throwing       | 3 4 |  4.1
Short Blades   | 3 4 |  4.0
Fighting       | 3 4 |  4.0
Dodging        | 2 |  2.5
Stealth        | 6 |  6.4

Action                   |  1- 3 |  4- 6 |  7- 9 || total
-------------------------+-------+-------+-------++-------
Melee: Dagger            |    62 |    96 |    13 ||   171
       Constrict         |    14 |    23 |     2 ||    39
       Tentacles         |    12 |    28 |     2 ||    42
Evoke: Wand              |       |     1 |     2 ||     3
 Stab: Sleeping          |    13 |     5 |       ||    18
       Distracted        |       |       |     1 ||     1
Armor: Skin              |     6 |     1 |       ||     7
Dodge: Dodged            |    38 |    55 |     6 ||    99
